 Dungeon Crawl Stone Soup version 0.21-a0-496-g696f58f (webtiles) character file.

2347 Gildeon the Chopper (level 9, 0/74 HPs)
             Began as a Minotaur Fighter on Nov 23, 2017.
             Was a Believer of Trog.
             Slain by an orc warrior
             ... wielding a +1 glaive of protection
              (22 damage)
             ... on level 8 of the Dungeon.
             The game lasted 00:32:06 (6180 turns).

Gildeon the Chopper (Minotaur Fighter)              Turns: 6180, Time: 00:32:07

Health: 0/74       AC: 14    Str: 24    XL:     9   Next: 20%
Magic:  11/11      EV:  7    Int:  5    God:    Trog [**....]
Gold:   512        SH: 10    Dex: 10    Spells: 8/8 levels left

rFire    + . .     SeeInvis .   a - +1 war axe
rCold    + . .     Gourm    .   c - +0 shield
rNeg     . . .     Faith    .   D - +0 plate armour
rPois    .         Spirit   .   y - +0 hat
rElec    .         Reflect  .   h - +0 cloak
rCorr    .         Harm     .   (no gloves)
MR       +++..                  f - +0 pair of boots
Stlth    ..........             z - amulet of rage
HPRegen  0.22/turn              n - ring of protection from fire
MPRegen  0.12/turn              r - ring of protection from magic

@: no status effects
A: retaliatory headbutt, horns 2, cold resistance 1, magic resistance 2, sense
surroundings 1
a: Berserk, Trog's Hand, Burn Spellbooks, Renounce Religion, Evoke Berserk Rage


You were on level 8 of the Dungeon.
You worshipped Trog.
Trog was pleased with you.
You were not hungry.

You visited 2 branches of the dungeon, and saw 9 of its levels.

You collected 512 gold pieces.

Inventory:

Hand Weapons
 a - a +1 war axe (weapon)
 d - a +4 dire flail of holy wrath
 B - a +0 spear
Missiles
 g - 2 tomahawks (quivered)
Armour
 c - a +0 shield (worn)
 f - a +0 pair of boots (worn)
 h - a +0 cloak (worn)
 y - a +0 hat (worn)
 D - a +0 plate armour (worn)
Jewellery
 n - a ring of protection from fire (left hand)
 r - a ring of protection from magic (right hand)
 z - an amulet of rage (around neck)
Wands
 k - a wand of iceblast (4)
 A - a wand of random effects (22)
Scrolls
 j - 3 scrolls of remove curse
 l - a scroll of magic mapping
 u - 2 scrolls of teleportation
Potions
 b - 2 potions of invisibility
 e - 2 potions of lignification
 m - 4 potions of curing
 q - a potion of cancellation {unknown}
 t - 3 potions of degeneration {unknown}
 x - a potion of magic {unknown}
 C - a potion of heal wounds {unknown}
Comestibles
 i - 3 meat rations
 o - 3 chunks of flesh
 p - a fruit
 s - 2 royal jellies
 w - 3 bread rations


   Skills:
 - Level 5.0 Fighting
 + Level 7.0(7.2) Axes
 - Level 2.4(5.1) Polearms
 - Level 5.2 Throwing
 - Level 5.0 Armour
 - Level 5.2 Dodging
 - Level 5.6 Shields
 - Level 5.0 Evocations


You had 8 spell levels left.
You didn't know any spells.

Dungeon Overview and Level Annotations

Branches:
Dungeon (8/15)             Temple (1/1) D:4
   Lair: D:8-11

Altars:
Ashenzari
Cheibriados
Elyvilon
Gozag
Hepliaklqana
Makhleb
Okawaru
Qazlal
Ru
Sif Muna
Trog
Vehumet
Wu Jian
Xom
The Shining One


Innate Abilities, Weirdness & Mutations

You reflexively headbutt those who attack you in melee.
You have a pair of horns on your head.
Your flesh is cold resistant. (rC+)
You are highly resistant to hostile enchantments. (MR++)
You passively map a small area around you.


Message History

The orc warrior hits you with a glaive of protection.
You hit the orc warrior. Your headbutt misses the orc warrior.
The orc warrior is moderately wounded.
The orc warrior hits you with a glaive of protection!
* * * LOW HITPOINT WARNING * * *
You hit the orc warrior. Your headbutt misses the orc warrior.
The orc warrior is heavily wounded.
The orc warrior hits you with a glaive of protection.
* * * LOW HITPOINT WARNING * * *
An ice beast comes into view.
You feel better. The orc warrior barely misses you.
You barely miss the orc warrior.
You headbutt the orc warrior, but do no damage.
The orc warrior is heavily wounded.
You block the orc warrior's attack.
You hit the orc warrior.
You headbutt the orc warrior, but do no damage.
The orc warrior is heavily wounded.
The orc warrior hits you with a glaive of protection!!
You die...

, * #### ..# * ***#.#
#, #.###### *
###.####......# ###.
#...#.........# ...
*,#...@).)....####..#
#..).o..)......#>#*
#................##
*,#.#.....Y.....)...##
,#.#...........#......
,#..................#.
###...........#.##.#
#.................. ,
#..................


You could see an orc warrior and an ice beast.

Vanquished Creatures
  Grinder (D:6)
  A hippogriff (D:7)
  Menkaure (D:4)
  Edmund (D:6)
  An orc warrior (D:7)
  A phantom (D:8)
  A sky beast (D:6)
  2 ogres (D:6)
  3 bullfrogs
  A water moccasin zombie (D:8)
  A scorpion (D:5)
  A howler monkey (D:4)
  A crimson imp (D:7)
  A jelly (D:6)
  A bullfrog zombie (D:7)
  4 orc priests
  5 orc wizards
  3 hounds
  Ijyb (D:5)
  An iguana (D:6)
  3 worker ants
  A hound zombie (D:5)
  2 hound skeletons
  A howler monkey zombie (D:6)
  7 gnolls
  11 adders
  A shadow imp (D:5)
  2 oozes
  2 adder skeletons
  A worm (D:5)
  6 dart slugs
  3 leopard geckos
  17 orcs
  2 ball pythons
  6 giant cockroaches
  8 goblins
  15 hobgoblins
  6 jackals
  13 kobolds
  5 quokkas
  7 bats
  8 frilled lizards
  A leopard gecko zombie (D:5)
  7 rats
167 creatures vanquished.

Notes
Turn   | Place    | Note
-------+----------+-------------------------------------------
     0 | D:1      | Gildeon the Minotaur Fighter began the quest for the Orb.
     0 | D:1      | Reached XP level 1. HP: 19/19 MP: 0/0
    10 | D:1      | Reached skill level 3 in Axes
    10 | D:1      | Reached XP level 2. HP: 13/26 MP: 1/1
   275 | D:1      | Reached skill level 4 in Axes
   348 | D:1      | Reached XP level 3. HP: 30/31 MP: 2/2
   915 | D:2      | Reached skill level 5 in Axes
  1045 | D:2      | Reached XP level 4. HP: 35/40 MP: 3/3
  1999 | D:3      | Reached skill level 5 in Fighting
  2053 | D:3      | HP: 2/42 [orc priest/divine providence (9)]
  2054 | D:3      | Reached XP level 5. HP: 3/48 MP: 4/4
  2425 | D:3      | Reached skill level 5 in Armour
  3184 | D:4      | Found a staircase to the Ecumenical Temple.
  3197 | Temple   | Entered the Ecumenical Temple
  3270 | Temple   | Became a worshipper of Trog the Wrathful
  3293 | D:4      | Noticed Menkaure
  3298 | D:4      | Killed Menkaure
  3298 | D:4      | Reached skill level 5 in Shields
  3298 | D:4      | Reached XP level 6. HP: 56/56 MP: 5/5
  3386 | D:4      | Reached skill level 1 in Dodging
  3502 | D:4      | Found a sacrificial altar of Ru.
  3503 | D:4      | Found a glowing golden altar of the Shining One.
  3759 | D:5      | Entered Level 5 of the Dungeon
  3817 | D:5      | Reached XP level 7. HP: 61/61 MP: 6/6
  4085 | D:5      | Found an iron altar of Okawaru.
  4092 | D:5      | Reached * piety under Trog
  4144 | D:5      | Reached skill level 5 in Dodging
  4187 | D:5      | Noticed Ijyb
  4193 | D:5      | Killed Ijyb
  4385 | D:5      | Found a shimmering altar of Xom.
  4386 | D:5      | Found a snail-covered altar of Cheibriados.
  4386 | D:5      | Found a deep blue altar of Sif Muna.
  4386 | D:5      | Found a white marble altar of Elyvilon.
  4392 | D:5      | Found an ornate altar of the Wu Jian Council.
  4392 | D:5      | Found a radiant altar of Vehumet.
  4462 | D:6      | Reached skill level 1 in Evocations
  4595 | D:6      | Reached XP level 8. HP: 41/68 MP: 9/9
  4736 | D:6      | Noticed Grinder
  4746 | D:6      | Killed Grinder
  4746 | D:6      | Reached skill level 5 in Evocations
  4930 | D:6      | Reached skill level 1 in Throwing
  4936 | D:6      | Gained mutation: Scrolls take you a little longer to read. [mutagenic meat]
  4937 | D:6      | Gained mutation: You are resistant to hostile enchantments. (MR+) [mutagenic meat]
  4938 | D:6      | Lost mutation: Scrolls take you a little longer to read. [mutagenic meat]
  4939 | D:6      | Gained mutation: You are highly resistant to hostile enchantments. (MR++) [mutagenic meat]
  4940 | D:6      | Gained mutation: Your flesh is cold resistant. (rC+) [mutagenic meat]
  4941 | D:6      | Gained mutation: You passively map a small area around you. [mutagenic meat]
  5150 | D:6      | Noticed Edmund
  5162 | D:6      | Killed Edmund
  5162 | D:6      | Reached ** piety under Trog
  5330 | D:7      | Noticed a hippogriff
  5336 | D:7      | Killed a hippogriff
  5366 | D:7      | Reached skill level 5 in Throwing
  5366 | D:7      | Reached XP level 9. HP: 60/74 MP: 11/11
  5721 | D:8      | Reached skill level 6 in Axes
  6170 | D:8      | Reached skill level 7 in Axes
  6180 | D:8      | Slain by an orc warrior

Vault maps used:
D:1:      evilmike_arrival_sounds_zot
D:3:      minmay_mini_jars
D:4:      gammafunk_temple_overflow_statue, temple_fountains, uniq_menkaure
D:5:      okawaru_altar_gauntlet_db, minmay_overflow_temple_hex, first_bread,
          kennysheep_opposing_triangles, uniq_ijyb
D:6:      uniq_edmund, uniq_grinder
D:8:      serial_shops, nicolae_shop_statue_plus, st_stairs_10, the_bakery
Temple:   nicolae_temple_figure_eight

Skill      XL: |  1  2  3  4  5  6  7  8  9 |
---------------+----------------------------+-----
Axes           | 3 4 5 7 |  7.0
Fighting       | 5 |  5.0
Armour         | 4 5 |  5.0
Shields        | 5 |  5.6
Dodging        | 3 5 |  5.2
Evocations     | 3 5 |  5.0
Polearms       | 2 |  2.4
Throwing       | 5 |  5.2

Action                   |  1- 3 |  4- 6 |  7- 9 || total
-------------------------+-------+-------+-------++-------
Melee: War axe           |    94 |   116 |   192 ||   402
       Headbutt          |    10 |    25 |    42 ||    77
Throw: Tomahawk          |       |       |    12 ||    12
Invok: Burn Spellbooks   |       |       |     1 ||     1
  Use: Scroll            |     2 |    10 |     6 ||    18
       Potion            |       |     1 |     7 ||     8
  Eat: Chunk             |     1 |     2 |    11 ||    14
       Bread ration      |       |     1 |       ||     1
       Meat ration       |       |     1 |       ||     1
Armor: Scale mail        |    32 |    43 |       ||    75
       Chain mail        |       |     6 |    58 ||    64
       Plate armour      |       |       |    61 ||    61
Dodge: Dodged            |    26 |    36 |    65 ||   127
Block: Shield            |    45 |    58 |   113 ||   216

Table legend:
 A = Spawn XP
 B = Non-spawn XP
 C = Spawn XP percentage of total XP
 D = Spawn monster count
 E = Non-spawn monster count
 F = Spawn count percentage of total count
 G = Total turns spent on level
                    A         B        C        D         E        F      G
               +---------+---------+-------+---------+---------+-------+---------
         Total |       0 |    3353 |   0.0 |       0 |     167 |   0.0 |  6180
               +---------+---------+-------+---------+---------+-------+---------
           D:1 |       0 |      71 |   0.0 |       0 |      32 |   0.0 |   901
           D:2 |       0 |      78 |   0.0 |       0 |      26 |   0.0 |   908
           D:3 |       0 |     189 |   0.0 |       0 |      30 |   0.0 |  1263
           D:4 |       0 |     360 |   0.0 |       0 |      11 |   0.0 |   597
           D:5 |       0 |     407 |   0.0 |       0 |      25 |   0.0 |   690
           D:6 |       0 |    1225 |   0.0 |       0 |      19 |   0.0 |   787
           D:7 |       0 |     659 |   0.0 |       0 |      14 |   0.0 |   756
           D:8 |       0 |     364 |   0.0 |       0 |      10 |   0.0 |   188
               +---------+---------+-------+---------+---------+-------+---------
